 Dungeon Sprint DCSS version 0.29-a0-1027-gcd8c55af63 (webtiles) character file.

Game seed: 11019309045755011841

7932 mhtbhm the Sorcerer (level 11, -20/58 HPs)
             Began as a Deep Elf Fire Elementalist on Aug 13, 2022.
             Was the Champion of Vehumet.
             Demolished by Urug
             ... wielding a +5 demon trident
              (31 damage)
             ... in the Dungeon (Sprint III: "The Ten Rune Challenge").
             The game lasted 00:07:52 (2174 turns).

mhtbhm the Sorcerer (Deep Elf Fire Elementalist)    Turns: 2174, Time: 00:07:52

Health: -20/58     AC:  6    Str:  5    XL:     11   Next: 3%
Magic:  33/38      EV: 20    Int: 26    God:    Vehumet [******]
Gold:   2074       SH:  0    Dex: 17    Spells: 35/53 levels left

rFire   + . .      SeeInvis .   j - +3 quarterstaff (chaos)
rCold   . . .      Faith    .   (shield currently unavailable)
rNeg    . . .      Spirit   .   a - +1 robe {rF+}
rPois   .          Reflect  .   c - +1 helmet {Int+3}
rElec   .          Harm     .   i - +0 cloak {rCorr}
rCorr   +          Rampage  .   (no gloves)
Will    +....      NoTele   +   (no boots)
Stlth   ++........              (no amulet)
HPRegen 0.19/turn               h - +4 ring of evasion
MPRegen 0.26/turn               (no ring)

@: very slow
A: no striking features
a: Renounce Religion


You were in the Dungeon.
You worshipped Vehumet.
Vehumet was exalted by your worship.
You visited 1 branch You collected 2446 gold pieces.
You spent 372 gold pieces at shops.

Inventory:

Hand Weapons
 j - a +3 quarterstaff of chaos (weapon)
Armour
 a - a +1 robe of fire resistance (worn)
 c - a +1 helmet of intelligence (worn)
 i - a +0 cloak of preservation (worn)
Jewellery
 h - a +4 ring of evasion (left hand)
Wands
 g - a wand of charming (7)
Scrolls
 k - 2 scrolls of poison {unknown}
 l - a scroll of fear {unknown}
 n - a scroll of brand weapon {unknown}
 q - a scroll of blinking
 r - a scroll of immolation
Potions
 b - 3 potions of magic
 f - a potion of berserk rage
 m - 3 potions of flight
 o - 6 potions of mutation
 p - a potion of curing
Miscellaneous
 e - a condenser vane


   Skills:
 + Level 2.4 Fighting
 + Level 6.9 Dodging
 + Level 6.7 Stealth
 + Level 21.9 Spellcasting
 + Level 5.9 Conjurations
 + Level 1.3 Hexes
 + Level 1.1 Transmutations
 + Level 19.5 Fire Magic
 + Level 1.1 Poison Magic
 + Level 2.4 Evocations


You had 35 spell levels left.
You knew the following spells:

 Your Spells              Type           Power      Damage    Failure   Level
a - Foxfire               Conj/Fire      100%       2x1d9     0%          1
b - Scorch                Fire           100%       2d10      0%          2
c - Conjure Flame         Conj/Fire      76%        6-21      0%          3
d - Inner Flame           Hex/Fire       70%        N/A       1%          3
e - Flame Wave            Conj/Fire      76%        2d17      1%          4
f - Searing Ray           Conj           100%       2d8       1%          2
g - Ignite Poison         Fire/Tmut/Pois 60%        N/A       1%          3

Your spell library contained the following spells:

 Spells                   Type           Power      Damage    Failure   Level
 Sticky Flame             Conj/Fire      76%        2d9       1%          4
 Magic Dart               Conj           100%       1d8       1%          1
 Fulminant Prism          Conj/Hex       23%        3d13      1%          4
 Ozocubu's Armour         Ice            28%        N/A       4%          3
 Ozocubu's Refrigeration  Ice            14%        4d10      94%         7


Dungeon Overview and Level Annotations

Branches:
Dungeon (1/1)

Altars:
Cheibriados
Dithmenos
Elyvilon
Fedhas
Gozag
Hepliaklqana
Kikubaaqudgha
Makhleb
Nemelex Xobeh
Okawaru
Qazlal
Ru
Sif Muna
Trog
Uskayaw
Vehumet
Wu Jian
Xom
Yredelemnul
Zin
The Shining One
Jiyva
Lugonu

Shops:
D *

Annotations:
D Urug


Message History

Unknown command.
Casting: Searing Ray (safe; 1% risk of failure)
Confirm with . or Enter, or press ? or * to list all spells.
Okay, then.
Casting: Searing Ray (safe; 1% risk of failure)
Confirm with . or Enter, or press ? or * to list all spells.
Aiming: Searing Ray (safe; 1% risk of failure)
Press: ? - help, Shift-Dir - straight line, f - Urug
Aim: Urug, wielding a +5 demon trident, wearing a +0 chain mail and quivering javelins (81% to hit)
The searing ray hits Urug but does no damage. (Press . to maintain the ray.)
The searing ray hits Urug but does no damage.
Urug is engulfed in a forest fire.
Unknown command.
Casting: Searing Ray (safe; 1% risk of failure)
Confirm with . or Enter, or press ? or * to list all spells.
Flames lash Urug but do no damage.
Urug throws a javelin.
The javelin misses you.
Unknown command.
You feel much better.
Unknown command.
Casting: Scorch (safe; 0% risk of failure)
Confirm with . or Enter, or press ? or * to list all spells.
Flames lash Urug.
Urug is lightly wounded.
Urug's fire resistance burns away.
Urug hits you from afar with a +5 demon trident!!
* * * LOW HITPOINT WARNING * * *
You feel much better. Urug completely misses you.
Urug hits you from afar with a +5 demon trident!!
* * * LOW HITPOINT WARNING * * *
Unknown command.
You enter the shallow water.
Moving in this stuff is going to be slow.
Urug misses you.
A swamp drake comes into view.
Urug is no longer more vulnerable to fire.
Urug hits you from afar with a +5 demon trident!!
Ouch! That really hurt!
You die...

.###...'.⌠..).....#.#####.#.##
####...#...######'#...# #####
###....#.⌠.#__#...#'#############
##.....#...#_v#...#.)..#.#.#.....
#......#)###__#...##.#..#.##.###.
.#.....#...#__#...'##.#.#.##)#.)#
###....#___#__+...#.))#..#..##..'
▓▓▓▓▓▓▓▓▓▓▓▓▓▓▓▓▓▓▓▓▓▓▓▓▓▓▓▓▓▓#
...§§§§~@~........~~~...#
≈≈≈+§°°§☼☼☼≈≈≈≈≈≈≈≈≈♣♣P.'
#.○§§§§o.♣♣♣♣♣♣♣♣♣♣PP#
#.°§§§§§..♣ ♣♣♣# ###+§§☼.§.♣
♣°##..##~~ ..# .##. ~~~ .# .#
##+~~


You could see Urug.

Vanquished Creatures
  Erolcha (D)
  A lindwurm (D)
  A deep elf pyromancer (D)
  An orc sorcerer (D)
  2 cane toads (D)
  A rime drake (D)
  A komodo dragon (D)
  3 wandering mushrooms (D)
  A tyrant leech (D)
  A queen bee (D)
  A shadow (D)
  5 redbacks (D)
  3 orc warriors (D)
  5 two-headed ogres (D)
  A necrophage (D)
  A water elemental (D)
  32 killer bees (D)
  A jelly (D)
  Crazy Yiuf (D)
  2 orc priests (D)
  Jessica (D)
  A wizard (D)
  2 orc wizards (D)
  A necromancer (D)
  3 humans (D)
  A kobold demonologist (D)
  10 orcs (D)
  An endoplasm (D)
  2 rats (D)
87 creatures vanquished.

Vanquished Creatures (others)
  25 foxfires (D)
25 creatures vanquished.

Grand Total: 112 creatures vanquished

Notes
Turn   | Place    | Note
-------+----------+-------------------------------------------
     0 | D        | mhtbhm the Deep Elf Fire Elementalist began the quest for
                  | the Orb.
     0 | D        | Reached XP level 1. HP: 10/10 MP: 6/6
    82 | D        | Noticed Jessica
    85 | D        | Killed Jessica
    86 | D        | Reached skill level 4 in Spellcasting
    86 | D        | Reached skill level 5 in Fire Magic
    86 | D        | Reached XP level 2. HP: 15/15 MP: 3/9
   146 | D        | Reached XP level 3. HP: 19/19 MP: 8/11
   171 | D        | Learned a level 2 spell: Scorch
   175 | D        | Learned a level 3 spell: Conjure Flame
   179 | D        | Learned a level 3 spell: Inner Flame
   192 | D        | Reached skill level 5 in Spellcasting
   236 | D        | Noticed Crazy Yiuf
   240 | D        | Killed Crazy Yiuf
   241 | D        | Reached XP level 4. HP: 19/24 MP: 6/13
   248 | D        | Noticed a water elemental
   253 | D        | Killed a water elemental
   254 | D        | Reached skill level 7 in Spellcasting
   359 | D        | Learned a level 4 spell: Flame Wave
   374 | D        | Found a radiant altar of Vehumet.
   374 | D        | Noticed a wizard
   377 | D        | Killed a wizard
   378 | D        | Reached XP level 5. HP: 20/28 MP: 10/17
   381 | D        | Reached skill level 8 in Spellcasting
   381 | D        | Found a shimmering blue altar of Sif Muna.
   381 | D        | Found an ancient bone altar of Kikubaaqudgha.
   391 | D        | Became a worshipper of Vehumet
   567 | D        | Found a glowing silver altar of Zin.
   568 | D        | Found a glowing golden altar of the Shining One.
   568 | D        | Found a white marble altar of Elyvilon.
   569 | D        | Noticed a deep elf pyromancer
   572 | D        | Killed a deep elf pyromancer
   573 | D        | Reached skill level 5 in Stealth
   573 | D        | Reached skill level 12 in Spellcasting
   573 | D        | Reached skill level 5 in Conjurations
   573 | D        | Reached XP level 6. HP: 8/32 MP: 12/23
   573 | D        | Reached XP level 7. HP: 9/36 MP: 12/24
   809 | D        | Noticed a shadow
   823 | D        | Killed a shadow
   824 | D        | Reached skill level 13 in Spellcasting
   992 | D        | Reached * piety under Vehumet
   992 | D        | Offered knowledge of Freeze by Vehumet.
  1015 | D        | Found a blossoming altar of Fedhas.
  1015 | D        | Found a stormy altar of Qazlal.
  1015 | D        | Found a snail-covered altar of Cheibriados.
  1015 | D        | Found a burning altar of Makhleb.
  1015 | D        | Found a shimmering altar of Xom.
  1015 | D        | Noticed a spatial vortex
  1016 | D        | Found a hazy altar of Hepliaklqana.
  1016 | D        | Found an opulent altar of Gozag.
  1016 | D        | Found a sparkling altar of Nemelex Xobeh.
  1016 | D        | Found a corrupted altar of Lugonu.
  1016 | D        | Found a viscous altar of Jiyva.
  1055 | D        | Reached ** piety under Vehumet
  1056 | D        | Reached skill level 14 in Spellcasting
  1176 | D        | Found a shadowy altar of Dithmenos.
  1178 | D        | Offered knowledge of Sandblast by Vehumet.
  1179 | D        | Reached XP level 8. HP: 41/41 MP: 24/28
  1180 | D        | Found a basalt altar of Yredelemnul.
  1180 | D        | Found a sacrificial altar of Ru.
  1197 | D        | Found a hide-covered altar of Uskayaw.
  1197 | D        | Found an iron altar of Okawaru.
  1198 | D        | Found a bloodstained altar of Trog.
  1198 | D        | Found an ornate altar of the Wu Jian Council.
  1205 | D        | Reached *** piety under Vehumet
  1206 | D        | Reached skill level 15 in Spellcasting
  1420 | D        | Learned a level 2 spell: Searing Ray
  1432 | D        | Noticed a two-headed ogre
  1437 | D        | Killed a two-headed ogre
  1437 | D        | Offered knowledge of Stone Arrow by Vehumet.
  1438 | D        | Reached skill level 5 in Dodging
  1482 | D        | Noticed a two-headed ogre
  1482 | D        | Noticed Erolcha
  1485 | D        | Killed Erolcha
  1486 | D        | Reached skill level 1 in Fighting
  1486 | D        | Reached skill level 17 in Spellcasting
  1486 | D        | Reached skill level 1 in Hexes
  1486 | D        | Reached skill level 15 in Fire Magic
  1486 | D        | Reached XP level 9. HP: 47/47 MP: 22/32
  1490 | D        | Killed a two-headed ogre
  1493 | D        | Reached **** piety under Vehumet
  1688 | D        | Noticed a wandering mushroom
  1692 | D        | Noticed a wandering mushroom
  1696 | D        | Killed a wandering mushroom
  1696 | D        | Offered knowledge of Ignite Poison by Vehumet.
  1697 | D        | Reached skill level 18 in Spellcasting
  1698 | D        | Noticed a wandering mushroom
  1705 | D        | Killed a wandering mushroom
  1745 | D        | Killed a wandering mushroom
  1796 | D        | Learned a level 3 spell: Ignite Poison
  1813 | D        | Noticed a queen bee
  1815 | D        | Reached ***** piety under Vehumet
  1815 | D        | Offered knowledge of Iskenderun's Battlesphere by Vehumet.
  1817 | D        | Reached skill level 19 in Spellcasting
  1817 | D        | Reached ****** piety under Vehumet
  1818 | D        | Reached XP level 10. HP: 45/53 MP: 35/35
  1866 | D        | Reached skill level 20 in Spellcasting
  1879 | D        | Reached skill level 1 in Evocations
  1916 | D        | Found Laum's General Store.
  1916 | D        | Noticed an orc sorcerer
  1921 | D        | Killed an orc sorcerer
  2078 | D        | Bought a +1 helmet of intelligence for 198 gold pieces
  2088 | D        | Bought a potion of curing for 36 gold pieces
  2088 | D        | Bought a scroll of blinking for 90 gold pieces
  2088 | D        | Bought a scroll of immolation for 48 gold pieces
  2138 | D        | Noticed a cane toad
  2138 | D        | Noticed a cane toad
  2141 | D        | Killed a cane toad
  2141 | D        | Offered knowledge of Sticky Flame by Vehumet.
  2141 | D        | Killed a cane toad
  2142 | D        | Reached skill level 21 in Spellcasting
  2143 | D        | HP: 1/54 [cloud of flame (7)]
  2143 | D        | Noticed a lindwurm
  2145 | D        | Reached skill level 1 in Transmutations
  2146 | D        | Reached skill level 1 in Poison Magic
  2146 | D        | Killed a lindwurm
  2147 | D        | Reached XP level 11. HP: 10/58 MP: 38/38
  2163 | D        | Noticed Urug
  2174 | D        | Demolished by Urug

Illustrated notes

Levels and vault maps discovered:
D:        dungeon_sprint_mu [sprint_mu_entry_cave, sprint_mu_temple_rooms,
          sprint_mu_d1_spiders, sprint_mu_d2_genie, sprint_mu_d3_branching,
          sprint_mu_orc_legion, sprint_mu_elf_gauntlet, sprint_mu_hive_nellie,
          sprint_mu_lair_fedhas, sprint_mu_vaults_butterflies,
          sprint_mu_slime_circle, sprint_mu_swamp_cave, sprint_mu_snake_twists,
          sprint_mu_blade_basic, sprint_mu_crypt_fortress,
          sprint_mu_tomb_spiral, sprint_mu_vestibule_basic,
          sprint_mu_gehenna_hellfire, sprint_mu_dis_giant,
          sprint_mu_tartarus_statrot, sprint_mu_cocytus_islands, sprint_mu_zot1]

Skill      XL: |  1  2  3  4  5  6  7  8  9 10 |
---------------+-------------------------------+-----
Dodging        | 3 4 5 6 |  6.9
Stealth        | 3 4 5 6 |  6.7
Spellcasting   | 4 5 7 12 14 17 19 21 | 21.9
Fire Magic     | 5 7 8 11 13 15 17 19 | 19.5
Conjurations   | 2 3 5 |  5.9
Fighting       | 1 2 |  2.4
Hexes          | 1 |  1.3
Evocations     | 2 |  2.4
Transmutations | 1 |  1.1
Poison Magic   | 1 |  1.1

Action                   |  1- 3 |  4- 6 |  7- 9 | 10-12 || total
-------------------------+-------+-------+-------+-------++-------
Melee: Unarmed           |     1 |       |       |       ||     1
 Cast: Foxfire           |    14 |     1 |     1 |       ||    16
       Scorch            |     3 |    11 |    46 |    10 ||    70
       Flame Wave        |       |       |     5 |     3 ||     8
       Inner Flame       |       |       |     1 |       ||     1
       Ignite Poison     |       |       |     1 |       ||     1
       Searing Ray       |       |       |       |     2 ||     2
Evoke: Condenser vane    |       |       |     1 |     2 ||     3
  Use: Potion            |       |       |     2 |     3 ||     5
       Scroll            |       |       |     1 |       ||     1
Armor: Robe              |     1 |       |       |       ||     1
Dodge: Dodged            |     1 |     2 |    25 |     8 ||    36

Table legend: (Time is in decaauts)
 A = Elapsed time spent in this place.
 B = Non-inter-level travel time spent in this place.
 C = Inter-level travel time spent in this place.
 D = Time resting spent in this place.
 E = Time spent auto-exploring this place.
 F = Levels seen in this place.
 G = Mean time per level.
                   A        B        C        D        E       F      G
               +--------+--------+--------+--------+--------+-----+--------+
         Total |   2150 |   2150 |      0 |   1390 |     57 |   1 | 2150.0 |
       Dungeon |   2150 |   2150 |      0 |   1390 |     57 |   1 | 2150.0 |
               +--------+--------+--------+--------+--------+-----+--------+

Top non-repeatable levels by time:
       D: 2150 daAuts
